 Dungeon Crawl Stone Soup version 0.27.1-15-g792fb953b9 (webtiles) character file.

Game seed: 6439546203895675199

1271 vineage the Skirmisher (level 8, -3/64 HPs)
             Began as a Demonspawn Gladiator on Nov 18, 2021.
             Slain by an unseen horror (9 damage)
             ... on level 6 of the Dungeon.
             The game lasted 00:07:51 (5088 turns).

vineage the Skirmisher (Demonspawn Gladiator)       Turns: 5088, Time: 00:07:51

Health: -3/64      AC: 12    Str: 17    XL:     8   Next: 28%
Magic:  8/8        EV:  9    Int:  9    God:
Gold:   263        SH:  4    Dex: 15    Spells: 7/7 levels left

rFire    . . .     SeeInvis .     - Unarmed
rCold    + . .     Faith    .   (no shield)
rNeg     . . .     Spirit   .   i - +0 chain mail {rC+}
rPois    +         Reflect  .   c - +0 helmet
rElec    .         Harm     .   j - scarf {repulsion}
rCorr    .         Rampage  .   (no gloves)
Will     .....                  k - +0 pair of boots
Stlth    ..........             (no amulet)
HPRegen  0.20/turn              l - ring of poison resistance
MPRegen  0.11/turn              o - +4 ring of slaying

@: about to teleport, studying Dodging, repel missiles
A: claws 1, sturdy frame 1, condensation shield
a: no special abilities


You were on level 6 of the Dungeon.
You visited 1 branch of the dungeon, and saw 6 of its levels.

You collected 263 gold pieces.

Inventory:

Hand Weapons
 a - a +1 war axe
Missiles
 d - 3 throwing nets (quivered)
Armour
 b - a +0 leather armour
 c - a +0 helmet (worn)
 i - a +0 chain mail of cold resistance (worn)
 j - a scarf of repulsion (worn)
 k - a +0 pair of boots (worn)
Jewellery
 l - a ring of poison resistance (left claw)
 o - a +4 ring of slaying (right claw)
Wands
 p - a wand of iceblast (7)
 q - a wand of charming (7)
Scrolls
 g - a scroll of brand weapon
 h - a scroll of teleportation
 r - a scroll of enchant weapon
 t - a scroll of fog {unknown}
 u - a scroll of fear {unknown}
Potions
 e - 2 potions of ambrosia
 f - a potion of flight {unknown}
 m - 3 potions of curing
 n - a potion of invisibility {unknown}
 s - 2 potions of mutation {unknown}


   Skills:
 + Level 6.1 Fighting
 - Level 2.6 Axes
 - Level 1.7 Throwing
 + Level 4.7 Armour
 - Level 2.6 Dodging
 * Level 5.3 Unarmed Combat


You had 7 spell levels left.
You didn't know any spells.
Your spell library contained the following spells:

 Spells                   Type           Power      Damage    Failure   Level
 Stone Arrow              Conj/Erth      0%         3d7       100%        3
 Animate Armour           Summ/Erth      0%         N/A       100%        4
 Lehudib's Crystal Spear  Conj/Erth      0%         10d2      100%        8


Dungeon Overview and Level Annotations

Branches:
Dungeon (6/15)
 Temple: D:4-7

Altars:
Kikubaaqudgha
Sif Muna


Innate Abilities, Weirdness & Mutations

You have sharp fingernails.
Your movements are slightly less encumbered by armour. (ER -2)
A meltable shield of frost defends you. (SH +4)


Message History

You barely miss something. Something hits you.
Something hits you but does no damage. Something hits you but does no damage.
Something hits you but does no damage. Something hits you but does no damage.
Something hits you! You block something's attack. Something hits you.
Something hits you.
Found a scroll of identify.
Something hits you. Something hits you. Something hits you but does no damage.
Something hits you but does no damage. Something hits you but does no damage.
Something hits you. Something hits you. Something hits you but does no damage.
Something hits you but does no damage.
Something hits you but does no damage. x2
Something hits you!
* * * LOW HITPOINT WARNING * * *
Something hits you but does no damage.
You barely miss something. Something hits you but does no damage.
Something hits you but does no damage. Something hits you but does no damage.
You block something's attack.
You claw something! Something hits you.
* * * LOW HITPOINT WARNING * * *
Something hits you.
* * * LOW HITPOINT WARNING * * *
Something hits you but does no damage.
Something hits you but does no damage. x2
Something hits you but does no damage. Something hits you but does no damage.
Something hits you.
* * * LOW HITPOINT WARNING * * *
Something hits you but does no damage.
As you read the scroll of teleportation, it crumbles to dust.
You feel strangely unstable. Something completely misses you.
Something hits you!
* * * LOW HITPOINT WARNING * * *
Something hits you!
You die...

##..........##
##+##....#######
#.........#
#.........#
#.........#
##........#
####+####.######
#.........#....##
+......@....(...#
#..............##
##.......##.....#
.##.......##.....#
..........##....##
.................#
.................#
.................#
..........########


There were no monsters in sight!

Vanquished Creatures
  Grinder (D:5)
  Sigmund (D:3)
  A sky beast (D:5)
  A necrophage (D:4)
  2 centaurs (D:5)
  2 scorpions
  A bullfrog zombie (D:3)
  A hound (D:5)
  2 centaur zombies (D:5)
  3 bullfrog skeletons
  An orc priest (D:3)
  2 jellies
  A scorpion zombie (D:5)
  4 gnolls (D:3)
  2 adders (D:5)
  An ufetubus (D:6)
  2 adder skeletons (D:4)
  A worm (D:3)
  2 dart slugs
  11 orcs
  5 bats
  3 endoplasms
  8 goblins
  8 hobgoblins
  3 jackals (D:4)
  3 kobolds
  3 quokkas (D:1)
  6 ball pythons
  3 frilled lizards
  7 rats
91 creatures vanquished.

Vanquished Creatures (others)
  7 withered plants (D:3)
7 creatures vanquished.

Grand Total: 98 creatures vanquished

Notes
Turn   | Place    | Note
-------+----------+-------------------------------------------
     0 | D:1      | vineage the Demonspawn Gladiator began the quest for the
                  | Orb.
     0 | D:1      | Reached XP level 1. HP: 16/16 MP: 1/1
   154 | D:1      | Gained mutation: A meltable shield of frost defends you.
                  | (SH +4) [demonic ancestry]
   154 | D:1      | Reached XP level 2. HP: 20/23 MP: 2/2
   323 | D:1      | Reached skill level 3 in Fighting
  1348 | D:2      | Reached XP level 3. HP: 29/29 MP: 3/3
  1659 | D:2      | Reached skill level 1 in Armour
  1796 | D:3      | Found an ancient bone altar of Kikubaaqudgha.
  1852 | D:3      | HP: 1/30 [gnoll (6)]
  1854 | D:3      | Reached XP level 4. HP: 2/37 MP: 4/4
  2374 | D:3      | Reached skill level 4 in Fighting
  2468 | D:3      | Gained mutation: You have sharp fingernails. [demonic
                  | ancestry]
  2468 | D:3      | Reached XP level 5. HP: 11/43 MP: 5/5
  2785 | D:3      | Noticed Sigmund
  2795 | D:3      | Killed Sigmund
  2796 | D:3      | Reached XP level 6. HP: 49/50 MP: 6/6
  3156 | D:4      | Reached skill level 5 in Fighting
  3478 | D:4      | Gained mutation: Your movements are slightly less
                  | encumbered by armour. (ER -2) [demonic ancestry]
  3478 | D:4      | Reached XP level 7. HP: 49/56 MP: 7/7
  3729 | D:5      | Entered Level 5 of the Dungeon
  4150 | D:5      | Noticed Grinder
  4166 | D:5      | Killed Grinder
  4274 | D:5      | Reached XP level 8. HP: 64/64 MP: 8/8
  4350 | D:5      | Reached skill level 5 in Unarmed Combat
  4403 | D:5      | Reached skill level 6 in Fighting
  4547 | D:5      | Found a shimmering blue altar of Sif Muna.
  5088 | D:6      | Slain by an unseen horror

Illustrated notes

Levels and vault maps discovered:
D:1:      lightli_arrival_statuegarden, layout_basic, kennysheep_minor_cross,
          minmay_small_reverse_x
D:2:      layout_rooms
D:3:      layout_basic, kiku_gazebo_garden_becter, uniq_sigmund
D:4:      layout_rooms
D:5:      layout_cave_pods, overflow_temple_1_default, minmay_manual_mares,
          uniq_grinder
D:6:      layout_gridville, nicolae_dithmenos_the_darkroom, st_stairs_14

Skill      XL: |  1  2  3  4  5  6  7  8 |
---------------+-------------------------+-----
Fighting       | 3 4 5 6 |  6.1
Armour         | 1 2 3 4 |  4.7
Unarmed Combat | 2 3 4 5 |  5.3
Axes           | |  2.6
Throwing       | |  1.7
Dodging        | |  2.6

Action                   |  1- 3 |  4- 6 |  7- 9 || total
-------------------------+-------+-------+-------++-------
Melee: War axe           |   112 |    43 |       ||   155
       Unarmed           |       |    43 |    88 ||   131
       Punch             |       |     2 |     3 ||     5
  Use: Scroll            |     6 |     1 |     3 ||    10
       Potion            |     1 |       |       ||     1
 Stab: Sleeping          |     2 |       |       ||     2
Armor: Leather armour    |    33 |       |       ||    33
       Chain mail        |    21 |    51 |    71 ||   143
Dodge: Dodged            |    73 |    21 |    32 ||   126
Block: Other             |    17 |    16 |    17 ||    50
